 Dungeon Crawl Stone Soup version 0.28-a0-895-g6e5f11bd55 (webtiles) character file.

Game seed: 16063406010611312225

28 enile the Gusty (level 2, 0/36 HPs)
             Began as a Draconian Air Elementalist on Nov 23, 2021.
             Succumbed to an adder's poison
             ... on level 2 of the Dungeon.
             The game lasted 00:03:48 (1269 turns).

enile the Gusty (Draconian Air Elementalist)        Turns: 1269, Time: 00:03:48

Health: 0/36       AC: 21    Str: 10    XL:     2   Next: 96%
Magic:  2/5        EV:  2    Int: 15    God:
Gold:   61         SH:  0    Dex: 11    Spells: 5/6 levels left

rFire   . . .      SeeInvis .   g - +3 short sword
rCold   . . .      Faith    .   (no shield)
rNeg    . . .      Spirit   .   (armour unavailable)
rPois   +          Reflect  .   (helmet currently unavailable)
rElec   .          Harm     .   (cloak currently unavailable)
rCorr   .          Rampage  .   (gloves currently unavailable)
Will    .....      NoTele   +   (boots currently unavailable)
Stlth   ++........              (no amulet)
HPRegen 0.12/turn               (no ring)
MPRegen 0.09/turn               (no ring)

@: lethally poisoned (0 -> -8), tree-form
A: stationary, stasis, torment immunity, boosted hp, AC +4, unfitting armour,
(cold-blooded), (big wings), MP-powered wands
a: no special abilities


You were on level 2 of the Dungeon.
You were a tree.
You visited 1 branch of the dungeon, and saw 2 of its levels.

You collected 61 gold pieces.

Inventory:

Hand Weapons
 c - a +0 dagger
 g - a +3 short sword (weapon)
Missiles
 h - 22 poisoned darts
Armour
 a - a +0 ring mail
Scrolls
 f - a scroll of enchant armour {unknown}


   Skills:
 - Level 2.0 Fighting
 - Level 1.7 Dodging
 - Level 1.7 Stealth
 + Level 2.7 Spellcasting
 - Level 1.0 Conjurations
 - Level 3.0 Air Magic


You had 5 spell levels left.
You knew the following spells:

 Your Spells              Type           Power      Damage    Failure   Level
a - Shock                 Conj/Air       32%        1d5       9%          1

Your spell library contained the following spells:

 Spells                   Type           Power      Damage    Failure   Level
 Static Discharge         Conj/Air       8%         N/A       14%         2
 Swiftness                Air            11%        N/A       19%         3
 Airstrike                Air            5%         N/A       52%         4


Dungeon Overview and Level Annotations

Branches:
Dungeon (2/15)

Altars:


Innate Abilities, Weirdness & Mutations

You are a tree.
Your roots penetrate the ground, keeping you stationary.
You cannot be teleported.
You are immune to unholy pain and torment.
Your maximum health is greatly increased.
Your equipment is partially melded.
((Your plain brown scales are hard. (AC +4)))
You cannot fit into any form of body armour.
((You are cold-blooded and may be slowed by cold attacks.))
((Your large and strong wings let you fly.))
You expend magic power (3 MP) to strengthen your wands.


Message History

Confirm with . or Enter, or press ? or * to list all spells.
Aiming: Shock (safe; 9% risk of failure)
Press: ? - help, Shift-Dir - straight line, f/p - adder
Aim: an adder (heavily wounded, 48% to hit)
The zap misses the adder.
You feel sick. The adder bites you.
You are more poisoned.
The adder poisons you!
Casting: Shock (safe; 9% risk of failure)
Confirm with . or Enter, or press ? or * to list all spells.
Aiming: Shock (safe; 9% risk of failure)
Press: ? - help, Shift-Dir - straight line, f/p - adder
Aim: an adder (heavily wounded, 48% to hit)
The zap misses the adder.
You feel very sick. The adder closely misses you.
You hit the adder.
The adder is almost dead.
You feel sick. The adder misses you. x2
You closely miss the adder.
The adder is almost dead.
You feel sick. The adder barely misses you.
You miss the adder.
The adder is almost dead.
* * * LOW HITPOINT WARNING * * *
You feel sick. The adder bites you.
* * * LOW HITPOINT WARNING * * *
You are more poisoned.
The adder poisons you! The adder barely misses you.
It was a potion of mutation.
You feel extremely strange.
You feel your magical essence link to the dungeon's wands.
Your wings grow larger and stronger.
* * * LOW HITPOINT WARNING * * *
You feel sick. The adder bites you but does no damage.
It was a potion of flight.
You feel more buoyant.
* * * LOW HITPOINT WARNING * * *
You feel sick. The adder bites you but does no damage.
It was a potion of lignification.
You turn into a tree.
Your roots penetrate the ground.
You die...

S..[### +.. #####
######. #.. #
....... #.. #
....... #.# #
....... #.#
.....!? #.#
_...... #..
......S#######+###
#.# #.♣..........
.... ###.#....#
...... #....###
####... ###†.#
#... ##.##### #...
#.#...# #...
#.#.#.#
#.#.#.#######
#.#.#.......#


You could see an adder.

Vanquished Creatures
  2 ball pythons
  3 endoplasms
  A giant cockroach (D:2)
  A goblin (D:1)
  2 hobgoblins (D:1)
  4 jackals (D:1)
  A kobold (D:2)
  A quokka (D:1)
  6 bats
  A frilled lizard (D:1)
  2 rats
24 creatures vanquished.

Notes
Turn   | Place    | Note
-------+----------+-------------------------------------------
     0 | D:1      | enile the Draconian Air Elementalist began the quest for
                  | the Orb.
     0 | D:1      | Reached XP level 1. HP: 14/14 MP: 3/3
   131 | D:1      | Reached skill level 1 in Fighting
   280 | D:1      | Reached XP level 2. HP: 20/24 MP: 3/5
   622 | D:1      | You fall into a shaft and drop 1 floor!
  1255 | D:2      | Found a faded altar of an unknown god.
  1267 | D:2      | Gained mutation: You expend magic power (3 MP) to
                  | strengthen your wands. [potion of mutation]
  1267 | D:2      | Gained mutation: Your large and strong wings let you fly.
                  | [potion of mutation]
  1268 | D:2      | HP: 1/24 [poisoned by an adder]
  1269 | D:2      | Succumbed to an adder's poison

Illustrated notes

Levels and vault maps discovered:
D:1:      dpeg_arrival_tiny_f, layout_rooms, chequers_serial_rivers_room_a
D:2:      layout_basic, basic_ecumenical_altar, solitary_fountain, st_stairs_9,
          minmay_door_square, grunt_ministairs_10, minmay_pentomino_u2

Skill      XL: |  1  2 |
---------------+-------+-----
Fighting       | 1 2 |  2.0
Dodging        | |  1.7
Stealth        | |  1.7
Spellcasting   | |  2.7
Conjurations   | |  1.0
Air Magic      | |  3.0

Action                   || total
-------------------------++-------
Melee: Unarmed           ||    38
       Tailslap          ||     2
       Short sword       ||    17
       Dagger            ||     8
 Cast: Shock             ||    42
  Use: Potion            ||     3
Armor: Skin              ||    36
Dodge: Dodged            ||    61

Table legend: (Time is in decaauts)
 A = Elapsed time spent in this place.
 B = Non-inter-level travel time spent in this place.
 C = Inter-level travel time spent in this place.
 D = Time resting spent in this place.
 E = Time spent auto-exploring this place.
 F = Levels seen in this place.
 G = Mean time per level.
                   A        B        C        D        E       F      G
               +--------+--------+--------+--------+--------+-----+--------+
         Total |   1270 |   1266 |      4 |     20 |   1049 |   2 |  635.0 |
       Dungeon |   1270 |   1266 |      4 |     20 |   1049 |   2 |  635.0 |
               +--------+--------+--------+--------+--------+-----+--------+

Top non-repeatable levels by time:
     D:1: 1063 daAuts
     D:2: 207 daAuts
